 Dungeon Crawl Stone Soup version 0.28-a0-1356-g2ad6d04315 (webtiles) character file.

Game seed: 8728055183119416576

137 stonewallka the Slasher (level 5, -2/41 HPs)
             Began as a Human Cinder Acolyte on Dec 31, 2021.
             Was a Believer of Ignis.
             Slain by Grinder (5 damage)
             ... on level 3 of the Dungeon.
             The game lasted 00:06:48 (3737 turns).

stonewallka the Slasher (Human Cinder Acolyte)      Turns: 3737, Time: 00:06:48

Health: -2/41      AC:  7    Str: 17    XL:     5   Next: 44%
Magic:  6/6        EV:  9    Int: 14    God:    Ignis [**....]
Gold:   53         SH:  0    Dex:  8    Spells: 6/6 levels left

rFire   + . .      SeeInvis .   l - +4 short sword (freeze)
rCold   . . .      Faith    .   (no shield)
rNeg    . . .      Spirit   .   u - +0 scale mail
rPois   .          Reflect  .   q - +0 helmet
rElec   .          Harm     .   (no cloak)
rCorr   .          Rampage  .   (no gloves)
Will    .....                   (no boots)
Stlth   ..........              (no amulet)
HPRegen 0.13/turn               p - ring of flight
MPRegen 0.10/turn               (no ring)

@: flying
A: no striking features
a: Renounce Religion, Fiery Armour, Foxfire Swarm, Rising Flame


You were on level 3 of the Dungeon.
You worshipped Ignis.
Ignis was pleased with you.
You visited 1 branch of the dungeon, and saw 3 of its levels.

You collected 53 gold pieces.

Inventory:

Hand Weapons
 a - a -1 falchion of flaming
 e - a +0 hunting sling
 l - a +4 short sword of freezing (weapon)
 v - a +1 mace of draining
Missiles
 d - 3 poisoned darts (quivered)
 j - a throwing net
Armour
 b - a +0 robe
 g - a +0 leather armour
 q - a +0 helmet (worn)
 u - a +0 scale mail (worn)
Jewellery
 h - an amulet of guardian spirit
 p - a ring of flight (left hand)
 t - a +6 ring of dexterity
Scrolls
 m - 2 scrolls of brand weapon
 o - a scroll of vulnerability
Potions
 i - a potion of brilliance
 k - a potion of attraction {unknown}
 n - 2 potions of cancellation


   Skills:
 - Level 3.0 Fighting
 + Level 3.5(4.4) Short Blades
 - Level 4.2(4.8) Long Blades
 - Level 0.5 Maces & Flails
 - Level 1.0 Spellcasting
 - Level 3.0 Fire Magic


You had 6 spell levels left.
You didn't know any spells.
Your spell library contained the following spells:

 Spells                   Type           Power      Damage    Failure   Level
 Scorch                   Fire           18%        2d5       38%         2
 Ozocubu's Armour         Ice            0%         N/A       96%         3
 Metabolic Englaciation   Hex/Ice        0%         N/A       100%        5
 Simulacrum               Ice/Necr       0%         N/A       100%        6


Dungeon Overview and Level Annotations

Branches:
Dungeon (3/15)

Altars:
Wu Jian

Annotations:
D:3 Grinder


Message History

Grinder blinks!
Grinder blinks!
Grinder hits you.
You writhe in agony.
You closely miss Grinder.
Grinder is severely wounded.
Grinder hits you.
You writhe in agony.
You hit Grinder.
Grinder is almost dead.
Grinder closely misses you.
You barely miss Grinder.
Grinder is almost dead.
Grinder hits you.
You writhe in agony.
You closely miss Grinder.
Grinder is almost dead.
You closely miss Grinder.
Grinder is almost dead.
Grinder closely misses you.
You closely miss Grinder.
Grinder is almost dead.
Grinder gestures at you.
You barely resist. You barely miss Grinder.
Grinder is almost dead.
Grinder rolls her eyes.
Grinder closely misses you.
You barely miss Grinder.
Grinder is almost dead.
Grinder hits you.
You hit Grinder but do no damage.
Grinder is almost dead.
Grinder hits you.
* * * LOW HITPOINT WARNING * * *
You writhe in agony.
* * * LOW HITPOINT WARNING * * *
You barely miss Grinder.
Grinder is almost dead.
Grinder hits you.
* * * LOW HITPOINT WARNING * * *
You writhe in agony.
You die...

#.# #.# #.# #.#
###.###.### #.# #.#
..........## ####.# #.#
....###)...######
##....# #. #####
#.........# #...###
####.....##.###.#.#
###......(........#...
#....§......(..5..###...
#.#..§........@...# .###
# ####.|..........# #
#..............#
#...##........##
...###........# #####
########... ####


You could see Grinder.

Vanquished Creatures
  Terence (D:2)
  4 gnolls (D:3)
  An adder (D:2)
  A dart slug (D:2)
  3 bats
  5 endoplasms
  7 giant cockroaches
  A goblin (D:3)
  9 hobgoblins
  4 jackals
  2 quokkas
  3 ball pythons
  3 frilled lizards
  4 kobolds
  9 rats
57 creatures vanquished.

Vanquished Creatures (others)
  19 foxfires
  A fungus (D:1)
  A plant (D:1)
21 creatures vanquished.

Grand Total: 78 creatures vanquished

Notes
Turn   | Place    | Note
-------+----------+-------------------------------------------
     0 | D:1      | stonewallka the Human Cinder Acolyte began the quest for
                  | the Orb.
     0 | D:1      | Reached XP level 1. HP: 18/18 MP: 2/2
   493 | D:1      | Reached XP level 2. HP: 15/24 MP: 3/3
  1341 | D:1      | Reached skill level 4 in Long Blades
  1341 | D:1      | Reached XP level 3. HP: 29/29 MP: 4/4
  2020 | D:2      | Reached skill level 1 in Short Blades
  2341 | D:2      | Reached XP level 4. HP: 35/35 MP: 5/5
  2602 | D:2      | Noticed Terence
  2618 | D:2      | Killed Terence
  3297 | D:3      | Reached XP level 5. HP: 41/41 MP: 6/6
  3563 | D:3      | Found an ornate altar of the Wu Jian Council.
  3692 | D:3      | Noticed Grinder
  3715 | D:3      | Paralysed by Grinder for 6 turns
  3737 | D:3      | Slain by Grinder

Illustrated notes

Levels and vault maps discovered:
D:1:      dpeg_arrival_water_fire, layout_basic
D:2:      layout_basic, minmay_pentomino_q4, uniq_terence
D:3:      layout_loops_ring, mainiacjoe_overflow_paths, minivault_11,
          uniq_grinder

Skill      XL: |  1  2  3  4  5 |
---------------+----------------+-----
Long Blades    | 4 |  4.2
Short Blades   | 1 2 3 |  3.5
Fighting       | |  3.0
Maces & Flails | |  0.5
Spellcasting   | |  1.0
Fire Magic     | |  3.0

Action                   |  1- 3 |  4- 6 || total
-------------------------+-------+-------++-------
Melee: Falchion          |    81 |       ||    81
       Short sword       |    19 |    90 ||   109
       Mace              |       |    14 ||    14
Throw: Javelin           |       |     4 ||     4
       Dart              |       |     1 ||     1
Invok: Foxfire Swarm     |     3 |     1 ||     4
       Fiery Armour      |     1 |     1 ||     2
  Use: Scroll            |       |     9 ||     9
       Potion            |       |     1 ||     1
Armor: Leather armour    |    20 |     5 ||    25
       Scale mail        |       |    39 ||    39
Dodge: Dodged            |    46 |    57 ||   103

Table legend: (Time is in decaauts)
 A = Elapsed time spent in this place.
 B = Non-inter-level travel time spent in this place.
 C = Inter-level travel time spent in this place.
 D = Time resting spent in this place.
 E = Time spent auto-exploring this place.
 F = Levels seen in this place.
 G = Mean time per level.
                   A        B        C        D        E       F      G
               +--------+--------+--------+--------+--------+-----+--------+
         Total |   3744 |   3611 |    133 |    581 |   2462 |   3 | 1248.0 |
       Dungeon |   3744 |   3611 |    133 |    581 |   2462 |   3 | 1248.0 |
               +--------+--------+--------+--------+--------+-----+--------+

Top non-repeatable levels by time:
     D:1: 2150 daAuts
     D:2: 1077 daAuts
     D:3: 517 daAuts
